 Dungeon Crawl Stone Soup version 0.29.1-13-g9f3cf754e1 (webtiles) character file.

Game seed: 3154595243210743027

70 Saba the Shooter (level 4, -5/28 HPs)
             Began as a Gargoyle Hunter on Feb 4, 2023.
             Slain by a gnoll bouda
             ... wielding a +0 whip
              (9 damage)
             ... on level 3 of the Dungeon.
             The game lasted 00:01:50 (1589 turns).

Saba the Shooter (Gargoyle Hunter)                  Turns: 1589, Time: 00:01:50

Health: -5/28      AC:  6    Str: 15    XL:     4   Next: 22%
Magic:  4/4        EV: 11    Int:  9    God:
Gold:   112        SH:  0    Dex: 15    Spells: 3/3 levels left

rFire   . . .      SeeInvis .   a - +0 shortbow (venom)
rCold   . . .      Faith    .   (shield currently unavailable)
rNeg    + . .      Spirit   .   c - +0 leather armour
rPois   ∞          Reflect  .   (no helmet)
rElec   +          Harm     .   (no cloak)
rCorr   .          Rampage  .   (no gloves)
Will    .....                   (no boots)
Stlth   ++........              (no amulet)
HPRegen 0.09/turn               (no ring)
MPRegen 0.09/turn               (no ring)

@: no status effects
A: sickness immunity, AC +3, negative energy resistance 1, electricity
resistance, torment resistance 1, petrification resistance
a: no special abilities


You were on level 3 of the Dungeon.
You visited 1 branch of the dungeon, and saw 3 of its levels.

You collected 112 gold pieces.

Inventory:

Hand Weapons
 a - a +0 shortbow of venom (weapon)
Armour
 c - a +0 leather armour (worn)
Scrolls
 b - a scroll of immolation
 d - a scroll of brand weapon
 e - a scroll of enchant weapon {unknown}
 f - 2 scrolls of identify
 g - 3 scrolls of enchant armour {unknown}
 i - 3 scrolls of butterflies {unknown}
 j - 2 scrolls of teleportation
 l - a scroll of blinking {unknown}
 m - a scroll of acquirement {unknown}
Potions
 h - 2 potions of degeneration {unknown}
 k - a potion of might {unknown}


   Skills:
 + Level 3.2 Fighting
 * Level 5.1 Ranged Weapons
 - Level 1.5 Dodging
 - Level 1.1 Stealth


You had 3 spell levels left.
You didn't know any spells.
Your spell library contained the following spells:

 Spells                   Type           Power      Damage    Failure   Level
 Static Discharge         Conj/Air       0%         3-3/arc   58%         2
 Dazzling Flash           Conj/Hex       0%         N/A       83%         3
 Gell's Gravitas          Tloc           0%         N/A       83%         3
 Lesser Beckoning         Tloc           0%         N/A       83%         3
 Stone Arrow              Conj/Erth      0%         3d7       83%         3
 Teleport Other           Tloc           0%         N/A       83%         3
 Animate Armour           Summ/Erth      0%         N/A       99%         4
 Summon Lightning Spire   Summ/Air       0%         N/A       99%         4
 Agony                    Necr           0%         N/A       100%        5
 Lightning Bolt           Conj/Air       0%         1d11      100%        5
 Silence                  Hex/Air        0%         N/A       100%        5
 Storm Form               Tmut/Air       0%         N/A       100%        7
 Lehudib's Crystal Spear  Conj/Erth      0%         10d2      100%        8
 Maxwell's Capacitive Co  Air            0%         ∞         100%        8


Dungeon Overview and Level Annotations

Branches:
Dungeon (3/15)

Altars:

Shops:
D:2 *


Innate Abilities, Weirdness & Mutations

You are immune to sickness and miasma.
Your stone body is resilient. (AC +3)
You are immune to poison.
You resist negative energy. (rN+)
You are resistant to electric shocks. (rElec)
You are resistant to unholy torment.
You are immune to petrification.


Message History

The giant cockroach bites you but does no damage.
The gnoll barely misses you.
Fire: a) +0 shortbow
Press: ? - help, Q - select action Shift-Dir - straight line, f/p - gnoll
Aim: a gnoll, wielding a +0 spear (covering ground quickly, 65% to hit)
You shoot an arrow.
The arrow hits the gnoll bouda but does no damage.
The gnoll bouda is heavily wounded.
The giant cockroach barely misses you.
The gnoll bouda hits you with a +0 whip.
The gnoll hits you from afar with a +0 spear.
Fire: a) +0 shortbow
Press: ? - help, Q - select action Shift-Dir - straight line, f/p - gnoll
Aim: a gnoll, wielding a +0 spear (covering ground quickly, 65% to hit)
You shoot an arrow.
The arrow barely misses the gnoll bouda.
The arrow hits the gnoll!
The gnoll is heavily wounded.
The gnoll is no longer moving quickly.
The giant cockroach bites you.
The gnoll bouda hits you with a +0 whip.
The gnoll hits you from afar with a +0 spear.
* * * LOW HITPOINT WARNING * * *
The giant cockroach bites you but does no damage.
The gnoll bouda barks out a call to the hunt!
The gnoll picks up the pace!
As you read the scroll labelled IMEBBETEMM, it crumbles to dust.
It is a scroll of brand weapon.
Your +0 shortbow drips with poison.
a - a +0 shortbow of venom (weapon)
The gnoll is no longer moving quickly.
The gnoll barely misses you. The giant cockroach misses you.
The gnoll bouda hits you but does no damage.
As you read the scroll labelled SYGRAJ SINIH, it crumbles to dust.
It is a scroll of identify.
j - 2 scrolls of teleportation The giant cockroach bites you but does no damage.
The gnoll hits you from afar with a +0 spear.
* * * LOW HITPOINT WARNING * * *
The gnoll bouda hits you with a +0 whip!
You die...

## ..
~~.##.###
~~...Bg@#
~~.##g#B#
.g #.#
#.. #..
... #.#
## #.#
#.# ...


You could see a gnoll bouda, 2 gnolls and 2 giant cockroaches.

Vanquished Creatures
  A gnoll (D:3)
  An adder (D:2)
  3 worms (D:2)
  A dart slug (D:2)
  2 endoplasms (D:2)
  A giant cockroach (D:3)
  5 goblins (D:2)
  3 hobgoblins
  2 jackals (D:1)
  2 kobolds (D:2)
  3 quokkas
  2 ball pythons (D:1)
  3 bats
  A frilled lizard (D:2)
  11 rats
41 creatures vanquished.

Notes
Turn   | Place    | Note
-------+----------+-------------------------------------------
     0 | D:1      | Saba the Gargoyle Hunter began the quest for the Orb.
     0 | D:1      | Reached XP level 1. HP: 12/12 MP: 1/1
     2 | D:1      | You fall into a shaft and drop 1 floor!
    76 | D:2      | Found a faded altar of an unknown god.
   395 | D:1      | Reached XP level 2. HP: 18/18 MP: 2/2
   998 | D:2      | Found Jynlid's General Store.
  1022 | D:2      | Reached XP level 3. HP: 22/22 MP: 3/3
  1319 | D:2      | Reached skill level 5 in Ranged Weapons
  1574 | D:3      | Reached XP level 4. HP: 25/28 MP: 4/4
  1589 | D:3      | Slain by a gnoll bouda

Illustrated notes

Levels and vault maps discovered:
D:1:      ncdulo_watergridlock, layout_basic, nrook_campfire,
          minmay_rat_gold_closets
D:2:      minmay_angry_zag, layout_loops_cross, serial_shops,
          nicolae_shop_behind_doors, ebering_ecumenical_altar_rust
D:3:      layout_basic, nicolae_overflow_hallway_of_the_gods,
          portal_sewer_entry_f, ebering_ghost_disaster_area

Skill      XL: |  1  2  3 |
---------------+----------+-----
Fighting       | 3 |  3.2
Ranged Weapons | 5 |  5.1
Dodging        | |  1.5
Stealth        | |  1.1

Action                   |  1- 3 |  4- 6 || total
-------------------------+-------+-------++-------
 Fire: Shortbow          |    99 |    14 ||   113
  Use: Scroll            |       |     2 ||     2
Armor: Leather armour    |    13 |    16 ||    29
Dodge: Dodged            |    31 |    25 ||    56
